 Dungeon Crawl Stone Soup version 0.24-a0-446-g87df7205b4 (webtiles) character file.

Game seed: 6927659128757728979

19239 drasked the Grappler (level 12, -3/118 (120) HPs)
             Began as a Troll Monk on June 24, 2019.
             Was a High Priest of Okawaru.
             Slain by a slime creature (14 damage)
             ... on level 12 of the Dungeon.
             The game lasted 00:37:08 (15368 turns).

drasked the Grappler (Troll Monk)                  Turns: 15368, Time: 00:37:09

HP:   -3/118 (120)  AC: 11    Str: 22    XL:     12   Next: 34%
MP:   16/16         EV:  8    Int: 10    God:    Okawaru [*****.]
Gold: 718           SH: 16    Dex: 12    Spells: 11/11 levels left

rFire    . . .     SeeInvis .     - Unarmed
rCold    . . .     Gourm    +   E - +3 shield
rNeg     . . .     Faith    .   F - +0 acid dragon scales
rPois    +         Spirit   .   (helmet restricted)
rElec    .         Reflect  +   a - +0 cloak
rCorr    +         Harm     .   (gloves unavailable)
MR       +....                  (boots unavailable)
Stlth    +.........             y - +4 amulet of reflection
HPRegen  0.69/turn              m - ring of protection from magic
MPRegen  0.15/turn              P - ring of poison resistance

@: no status effects
A: large, unfitting armour, claws 3, fast metabolism 3, gourmand, regeneration
1, shaggy fur 1, tough skin 3
a: Heroism, Finesse, Renounce Religion


You were on level 12 of the Dungeon.
You worshipped Okawaru.
Okawaru was extremely pleased with you.
You were completely stuffed.

You visited 2 branches of the dungeon, and saw 13 of its levels.

You collected 830 gold pieces.
You spent 112 gold pieces at shops.

Inventory:

Missiles
 s - 144 poisoned darts
 x - 16 large rocks {!d}
 B - 17 silver javelins
 Q - 361 stones (quivered)
Armour
 a - a +0 cloak (worn)
 E - a +3 shield (worn)
 F - +0 acid dragon scales (worn)
Jewellery
 m - a ring of protection from magic (left claw)
 y - a +4 amulet of reflection (around neck)
 I - an uncursed ring of protection from cold
 P - a ring of poison resistance (right claw)
Wands
 u - a wand of iceblast (11)
 G - a wand of disintegration (21)
 K - a wand of paralysis (4)
Scrolls
 f - a scroll of fog
 g - 3 scrolls of fear
 i - 3 scrolls of identify
 j - a scroll of amnesia
 p - a scroll of magic mapping {!r}
 r - 3 scrolls of enchant weapon
 t - 4 scrolls of teleportation
 w - 6 scrolls of remove curse
 A - 2 scrolls of enchant armour
Potions
 b - a potion of lignification {unknown}
 c - 2 potions of berserk rage {!q}
 d - a potion of mutation {!q}
 h - a potion of haste
 k - a potion of agility {unknown}
 l - 2 potions of heal wounds
 n - a potion of resistance
 o - 2 potions of degeneration {unknown}
 q - a potion of curing
 v - a potion of might
 z - 4 potions of flight
 C - 3 potions of brilliance {unknown}
 D - a potion of cancellation
Comestibles
 e - 25 rations
 H - 6 chunks of flesh


   Skills:
 + Level 8.2 Fighting
 + Level 8.4 Throwing
 - Level 2.4 Dodging
 - Level 1.0 Stealth
 + Level 4.5 Shields
 * Level 13.0 Unarmed Combat
 + Level 6.9 Invocations


You had 11 spell levels left.
You didn't know any spells.
Your spell library contained the following spells:

 Spells                   Type           Power        Failure   Level  Hunger
 Animate Skeleton         Necr           N/A          77%         1    ##.....
 Apportation              Tloc           #.....       77%         1    ##.....
 Confusing Touch          Hex            #.....       77%         1    ##.....
 Summon Small Mammal      Summ           #...         77%         1    ##.....
 Bolt of Magma            Conj/Fire/Erth #.........   100%        5    ######.
 Iskenderun's Battlesphe  Conj/Chrm      #.......     100%        5    ######.
 Venom Bolt               Conj/Pois      #.........   100%        5    ######.
 Iron Shot                Conj/Erth      #.........   100%        6    #######
 Orb of Destruction       Conj           #.........   100%        7    #######
 Spellforged Servitor     Conj/Summ      #.........   100%        7    #######


Dungeon Overview and Level Annotations

Branches:
Dungeon (12/15)            Temple (1/1) D:4            Lair (0/6) D:9
    Orc (0/2) D:12

Altars:
Ashenzari
Cheibriados
Dithmenos
Elyvilon
Fedhas
Gozag
Hepliaklqana
Kikubaaqudgha
Makhleb
Nemelex Xobeh
Okawaru
Qazlal
Ru
Sif Muna
Trog
Uskayaw
Vehumet
Wu Jian
Xom
Yredelemnul
Zin
The Shining One

Shops:
D:5 !

Annotations:
D:12 Kirke, Urug


Innate Abilities, Weirdness & Mutations

You are too large for most types of armour.
You have claws for hands.
Your metabolism is lightning-fast.
You like to eat raw meat.
Your natural rate of healing is unusually fast.
You are covered in fur. (AC +1)
You have extremely tough skin. (AC +3)


Message History

* * * LOW HITPOINT WARNING * * *
The slime creature hits you!
* * * LOW HITPOINT WARNING * * *
You barely miss the slime creature. You block the slime creature's attack.
The slime creature closely misses you.
The slime creature hits you but does no damage.
You mangle the slime creature!!
You kill the slime creature!
The slime creature barely misses you. You block the slime creature's attack.
You mangle the slime creature!! The slime creature closely misses you.
The slime creature hits you!
* * * LOW HITPOINT WARNING * * *
You claw the slime creature! You claw the slime creature!
The slime creature hits you!
* * * LOW HITPOINT WARNING * * *
The slime creature hits you!
* * * LOW HITPOINT WARNING * * *
Some of the chunks of flesh in your inventory have rotted away.
The slime creature hits you!
You die...

#(# #.# #.# ###.#######
#..(.....^# #..(......#
###.J.......#
#.....J.....# #
############.#..@......#
#
.............#.).......#
#
################.#######
# #.## ######## ##.#
#####..#...# #.##
###..##.#..#..
#.#..##.........####
##.###..#####.###.# #
#.....##.#..##....###


You could see 2 slime creatures.

Levels and vault maps discovered:
D:1:      dpeg_arrival_circle_labyrinth_b, layout_loops_corners,
          serial_bayou_pond_d, chequers_mini_garden
D:2:      minmay_wonky_spiral, layout_loops_corners,
          lemuel_coloured_pillars_altar, grunt_ministairs_10,
          minmay_fountain_box
D:3:      layout_rooms, nicolae_overflow_hidden_temple
D:4:      layout_loops_ring, grunt_temple_overflow_open, grunt_gozag_statues,
          lemuel_zombie_altar_yredelemnul, minmay_temple_entry_hall, uniq_ijyb,
          uniq_sigmund
D:5:      layout_basic, ebering_ghost_rock_garden, serial_shops,
          nicolae_shop_behind_doors, first_ration, minmay_bent
D:6:      layout_basic
D:7:      minmay_chambers_of_sevens, layout_loops_ring, marbit_many_paths,
          grunt_qazlal_clouds
D:8:      layout_gridville, lemuel_crystal_altar, old_standard_altar,
          grunt_pizzeria, uniq_harold
D:9:      layout_gridville, david_lair_generic, special_room [special_room_orc],
          uniq_maurice
D:10:     layout_stronghold, uniq_psyche
D:11:     layout_roguey, uniq_erolcha
D:12:     layout_roguey, zombieorc1_lemuel, uniq_urug, uniq_kirke
Temple:   dshaligram_water_room_temple

Notes
Turn   | Place    | Note
-------+----------+-------------------------------------------
     0 | D:1      | drasked the Troll Monk began the quest for the Orb.
     0 | D:1      | Reached XP level 1. HP: 22/22 MP: 0/0
   158 | D:1      | Identified a +1 dagger of speed
   305 | D:1      | Identified a +0 club
   571 | D:1      | Identified a +0 club
   582 | D:1      | Reached XP level 2. HP: 29/29 MP: 1/1
  1089 | D:2      | Identified a +0 club
  1118 | D:2      | Identified a +0 dagger
  1123 | D:2      | Identified a +0 halberd
  1127 | D:2      | Identified a +0 flail
  1129 | D:2      | Identified a +0 spear
  1132 | D:2      | HP: 1/29 [gnoll/+0 halberd (9)]
  1177 | D:2      | Reached skill level 1 in Throwing
  1177 | D:2      | Reached XP level 3. HP: 28/36 MP: 2/2
  1234 | D:2      | Identified a +0 club
  1294 | D:2      | Identified a +0 dagger
  1626 | D:2      | Identified a +0 dagger
  1880 | D:2      | Identified a +0 scale mail
  2009 | D:2      | Reached skill level 4 in Unarmed Combat
  2014 | D:2      | HP: 3/36 [gnoll/+0 spear (9)]
  2180 | D:2      | Identified a +0 club
  2237 | D:2      | Reached XP level 4. HP: 37/44 MP: 3/3
  2312 | D:2      | Reached skill level 3 in Fighting
  2313 | D:2      | Found a shadowy altar of Dithmenos.
  2379 | D:3      | Reached skill level 2 in Throwing
  2379 | D:3      | Reached XP level 5. HP: 36/53 MP: 4/4
  2426 | D:3      | Identified a +0 mace
  2438 | D:3      | Identified a cursed +0 hand axe
  2438 | D:3      | Identified a +0 ring mail
  2438 | D:3      | Identified a +0 flail
  2438 | D:3      | Identified a +0 leather armour
  2495 | D:3      | Identified a cursed -1 dagger
  2495 | D:3      | Identified a +0 robe
  2506 | D:3      | Identified a +0 short sword
  2508 | D:3      | Identified a +0 club
  2508 | D:3      | Identified a +0 leather armour
  2510 | D:3      | Reached skill level 5 in Unarmed Combat
  2510 | D:3      | Identified a +0 club
  2569 | D:3      | Identified a +0 mace
  2574 | D:3      | Identified a +0 club
  2574 | D:3      | Identified a +0 leather armour
  2575 | D:3      | Identified a +2 short sword of electrocution
  2575 | D:3      | Identified a +0 leather armour
  2589 | D:3      | Identified a +0 dagger
  2611 | D:3      | Identified a +0 club
  2618 | D:3      | Identified a +0 dagger
  2663 | D:3      | Identified a +0 club
  2762 | D:3      | Reached XP level 6. HP: 59/61 MP: 5/5
  2853 | D:3      | Identified a +0 mace
  2857 | D:3      | Identified a +0 hand axe
  2857 | D:3      | Identified a +0 ring mail
  2861 | D:3      | Identified a +0 club
  2861 | D:3      | Identified a +0 robe
  2870 | D:3      | Found a radiant altar of Vehumet.
  2948 | D:3      | Identified a +0 club
  3154 | D:4      | Identified a cursed +0 robe (You found it on level 4 of the
                  | Dungeon)
  3160 | D:4      | Identified a +0 hand axe
  3270 | D:4      | Identified a +0 scythe
  3270 | D:4      | Identified a +0 robe
  3270 | D:4      | Noticed Sigmund
  3290 | D:4      | Killed Sigmund
  3290 | D:4      | Reached skill level 3 in Throwing
  3290 | D:4      | Reached skill level 6 in Unarmed Combat
  3290 | D:4      | Reached XP level 7. HP: 40/68 MP: 6/6
  3394 | D:4      | Found a burning altar of Makhleb.
  3404 | D:4      | Identified a +0 leather armour
  3404 | D:4      | Noticed Ijyb
  3423 | D:4      | Found a blossoming altar of Fedhas.
  3426 | D:4      | Killed Ijyb
  3426 | D:4      | Reached skill level 4 in Fighting
  3444 | D:4      | Identified a +0 whip
  3791 | D:4      | Found an opulent altar of Gozag.
  3857 | D:4      | Found a basalt altar of Yredelemnul.
  3962 | D:4      | Identified a +0 dagger
  3962 | D:4      | Identified a +0 robe
  3981 | D:4      | Identified a +0 dagger
  3981 | D:4      | Identified a +0 robe
  4050 | D:4      | Found a staircase to the Ecumenical Temple.
  4059 | Temple   | Entered the Ecumenical Temple
  4207 | Temple   | Became a worshipper of Warmaster Okawaru
  4207 | Temple   | Reached * piety under Okawaru
  4207 | Temple   | Reached ** piety under Okawaru
  4360 | D:4      | Identified a cursed -1 giant spiked club
  4450 | D:5      | Entered Level 5 of the Dungeon
  4468 | D:5      | Reached skill level 7 in Unarmed Combat
  4524 | D:5      | Reached skill level 4 in Throwing
  4524 | D:5      | Reached XP level 8. HP: 76/79 MP: 7/7
  4545 | D:5      | Identified a +0 giant club
  4552 | D:5      | HP: 19/79 [ogre/+0 giant club (28)]
  4819 | D:5      | Identified a +0 leather armour
  4819 | D:5      | Identified a +0 dagger
  4819 | D:5      | Identified a cursed +0 robe
  4835 | D:5      | HP: 16/79 [orc priest/divine providence (11)]
  4943 | D:5      | Found Xaho's Distillery.
  4951 | D:5      | Bought a potion of heal wounds for 70 gold pieces
  4951 | D:5      | Bought a potion of curing for 42 gold pieces
  5097 | D:5      | Identified a +1 whip of draining
  5098 | D:5      | Identified a +0 club
  5098 | D:5      | Identified a +0 robe
  5098 | D:5      | Identified a +0 halberd
  5099 | D:5      | Identified a +0 spear
  5100 | D:5      | Identified a +0 flail
  5118 | D:5      | Identified a +0 spear
  5126 | D:5      | Reached skill level 8 in Unarmed Combat
  5298 | D:5      | Reached skill level 5 in Fighting
  5325 | D:5      | Found a runed translucent gate.
  5325 | D:5      | Found a runed translucent gate.
  5325 | D:5      | Found a runed translucent gate.
  5328 | D:5      | Noticed KristoblXynda's ghost (novice TrWz)
  5457 | D:5      | Killed KristoblXynda's ghost
  5457 | D:5      | Reached *** piety under Okawaru
  5457 | D:5      | Reached skill level 1 in Invocations
  5551 | D:5      | Reached skill level 5 in Throwing
  5582 | D:6      | Identified a +0 flail
  5582 | D:6      | Identified a +0 hand axe
  5587 | D:6      | Identified a +0 dagger
  5588 | D:6      | Identified a +0 leather armour
  5592 | D:6      | Identified a +0 leather armour
  5605 | D:6      | Identified a cursed +0 giant spiked club
  5617 | D:6      | Reached XP level 9. HP: 80/88 MP: 9/9
  5621 | D:6      | Identified a cursed -3 dagger
  5621 | D:6      | Identified a +0 robe
  5631 | D:6      | Identified a +1 short sword of holy wrath
  5634 | D:6      | Identified a +0 short sword
  5640 | D:6      | Identified a +0 leather armour
  5674 | D:6      | Identified a cursed +5 dagger of freezing
  5674 | D:6      | Identified a +0 robe
  5674 | D:6      | Identified a +0 battleaxe
  5674 | D:6      | Identified a +0 robe
  5692 | D:6      | Reached skill level 2 in Invocations
  5707 | D:6      | Reached skill level 9 in Unarmed Combat
  5711 | D:6      | Identified a +3 mace
  5711 | D:6      | Identified a +0 robe
  5714 | D:6      | Identified a +5 short sword
  5714 | D:6      | Identified a +0 robe
  5798 | D:6      | Identified a +0 giant club
  5989 | D:6      | Identified a +2 dagger of speed
  5989 | D:6      | Identified a cursed +0 robe
  5992 | D:6      | Identified a +0 mace
  5992 | D:6      | Identified a +0 leather armour
  6004 | D:6      | Identified a +0 short sword
  6012 | D:6      | Identified a +0 battleaxe
  6012 | D:6      | Identified a +0 chain mail
  6016 | D:6      | Identified a +0 dagger
  6016 | D:6      | Identified a +0 robe
  6020 | D:6      | Reached **** piety under Okawaru
  6411 | D:7      | Identified a +0 dagger
  6413 | D:7      | Identified a +0 whip
  6416 | D:7      | Identified a +0 dagger
  6463 | D:7      | Identified a +0 shortbow
  6463 | D:7      | Identified a +0 robe
  6467 | D:7      | Identified a +0 dagger
  6467 | D:7      | Identified a +0 robe
  6480 | D:7      | Identified a +0 hand axe
  6483 | D:7      | Reached skill level 3 in Invocations
  6484 | D:7      | Identified a +3 dagger
  6484 | D:7      | Identified a +0 robe
  6486 | D:7      | Identified a +0 flail
  6486 | D:7      | Identified a +0 short sword
  6488 | D:7      | Identified a +0 dagger
  6488 | D:7      | Identified a +0 robe
  6489 | D:7      | Identified a +0 dagger
  6489 | D:7      | Identified a +0 robe
  6490 | D:7      | Identified a +0 dagger
  6490 | D:7      | Identified a +0 robe
  6501 | D:7      | Identified a cursed +0 short sword
  6501 | D:7      | Identified a +0 leather armour
  6584 | D:7      | Reached skill level 6 in Fighting
  6734 | D:7      | Identified a +1 dire flail of holy wrath
  6734 | D:7      | Identified a +0 plate armour
  6735 | D:7      | Identified a +0 hand axe
  6842 | D:7      | Identified a +0 trident
  6945 | D:7      | Identified a +0 club
  6954 | D:7      | Identified a +0 club
  6986 | D:7      | Reached skill level 10 in Unarmed Combat
  6996 | D:7      | Reached skill level 6 in Throwing
  6998 | D:7      | HP: 21/89 [poisoned by a killer bee]
  7000 | D:7      | HP: 2/89 [steam dragon/ball of steam (18)]
  7005 | D:7      | HP: 5/89 [steam dragon (9)]
  7404 | D:7      | Found a stormy altar of Qazlal.
  7533 | D:7      | Identified a +0 short sword
  7533 | D:7      | Identified a +0 chain mail
  7538 | D:7      | Reached XP level 10. HP: 98/98 MP: 11/11
  7572 | D:7      | Received a gift from Okawaru
  7606 | D:7      | Identified a cursed +0 dagger
  7606 | D:7      | Identified a cursed +0 robe
  7617 | D:7      | Identified a +0 dagger
  7617 | D:7      | Identified a +0 robe
  7647 | D:7      | Noticed an orange demon
  7648 | D:7      | Reached skill level 4 in Invocations
  7773 | D:7      | Found a shimmering altar of Xom.
  7932 | D:7      | Reached ***** piety under Okawaru
  8065 | D:8      | Identified a +0 shortbow
  8149 | D:8      | Found a sacrificial altar of Ru.
  8181 | D:8      | Identified a +0 dagger
  8181 | D:8      | Identified a +0 robe
  8185 | D:8      | Identified a +0 dagger
  8185 | D:8      | Identified a +0 robe
  8186 | D:8      | Identified a +0 vampiric trident
  8195 | D:8      | Identified a +1 dagger of speed
  8195 | D:8      | Identified a +0 robe
  8204 | D:8      | Identified a +0 whip
  8300 | D:8      | Found a deep blue altar of Sif Muna.
  8466 | D:8      | Identified a +2 shield (You found it on level 8 of the
                  | Dungeon)
  8593 | D:8      | Identified a +0 halberd
  8593 | D:8      | Identified a +0 scale mail
  8593 | D:8      | Noticed Harold
  8741 | D:8      | Identified a +0 giant club
  8835 | D:8      | Identified a +0 short sword
  8868 | D:8      | Identified a +0 giant club
  9191 | D:8      | Paralysed by Harold for 5 turns
  9202 | D:8      | Killed Harold
  9202 | D:8      | Received a gift from Okawaru
  9202 | D:8      | Reached skill level 1 in Shields
  9202 | D:8      | Reached skill level 11 in Unarmed Combat
  9379 | D:9      | Identified a +0 dagger
  9379 | D:9      | Identified a +0 cloak
  9379 | D:9      | Noticed Maurice
  9474 | D:8      | Identified an uncursed ring of protection from cold (You
                  | found it on level 8 of the Dungeon)
  9477 | D:8      | Killed Maurice
  9477 | D:8      | Received a gift from Okawaru
  9498 | D:8      | Identified an amulet of faith (You found it on level 1 of
                  | the Dungeon)
  9500 | D:8      | Identified an amulet of the gourmand (You found it on level
                  | 8 of the Dungeon)
  9502 | D:8      | Identified a ring of protection (You found it on level 2 of
                  | the Dungeon)
  9503 | D:8      | Identified a ring of protection from magic (You found it on
                  | level 1 of the Dungeon)
  9505 | D:8      | Identified a ring of poison resistance (You found it on
                  | level 6 of the Dungeon)
  9507 | D:8      | Identified a ring of stealth (You found it on level 8 of
                  | the Dungeon)
  9516 | D:8      | Identified 4 scrolls of fear
  9517 | D:8      | Identified 6 scrolls of identify
  9517 | D:8      | Identified 4 potions of flight
  9518 | D:8      | Identified 4 scrolls of remove curse
  9527 | D:8      | Identified 2 scrolls of fog
  9528 | D:8      | Identified 3 scrolls of enchant armour
  9529 | D:8      | Identified 3 scrolls of enchant weapon
  9530 | D:8      | Identified 2 scrolls of magic mapping
  9531 | D:8      | Identified a scroll of blinking
  9532 | D:8      | Identified 2 scrolls of amnesia
  9533 | D:8      | Identified 2 scrolls of teleportation
  9546 | D:8      | Identified 2 potions of berserk rage
  9547 | D:8      | Identified a potion of mutation
  9548 | D:8      | Identified a potion of haste
  9549 | D:8      | Identified a potion of cancellation
  9608 | D:9      | Identified an amulet of magic regeneration (You found it on
                  | level 9 of the Dungeon)
  9643 | D:9      | Identified a +0 shortbow
  9645 | D:9      | Identified a +0 giant club
  9660 | D:9      | Reached skill level 2 in Shields
  9738 | D:9      | Identified a +0 glaive
  9738 | D:9      | Identified a +0 chain mail
  9738 | D:9      | Identified a +0 short sword
  9738 | D:9      | Identified a +0 dagger
  9738 | D:9      | Identified a +0 robe
  9745 | D:9      | Reached skill level 7 in Throwing
  9750 | D:9      | Reached skill level 5 in Invocations
  9753 | D:9      | Reached skill level 7 in Fighting
  9826 | D:9      | Identified a cursed -1 spear
  9830 | D:9      | Identified a +0 spear
  9831 | D:9      | Identified a +0 flail
  9915 | D:9      | Found a staircase to the Lair.
  9953 | D:9      | Reached XP level 11. HP: 107/107 MP: 13/13
 10022 | D:9      | Identified a +0 giant club
 10065 | D:9      | Identified a +2 leather armour of magic resistance
 10072 | D:9      | Identified a +0 short sword
 10072 | D:9      | Identified a +0 leather armour
 10221 | D:9      | Identified a +0 dagger
 10221 | D:9      | Identified a +0 robe
 10398 | D:9      | Identified a +0 giant club
 10418 | D:9      | Identified a cursed -2 short sword
 10473 | D:9      | Identified a cursed +0 hand axe
 10473 | D:9      | Identified a +0 leather armour
 10473 | D:9      | Identified a +0 mace
 10578 | D:9      | Identified a +0 short sword
 10578 | D:9      | Identified a +0 short sword
 10582 | D:9      | Identified a +0 club
 10588 | D:9      | Identified a +0 dagger
 10588 | D:9      | Identified a +0 flail
 10588 | D:9      | Identified a +0 leather armour
 10590 | D:9      | Identified a +2 dagger of venom
 10595 | D:9      | Identified a +0 dagger
 10595 | D:9      | Identified a +0 robe
 10597 | D:9      | Identified a +0 battleaxe of electrocution
 10597 | D:9      | Identified a +0 plate armour
 10820 | D:9      | Identified a +0 giant spiked club
 10820 | D:9      | Identified a +0 trident of protection
 10820 | D:9      | Identified a cursed +0 ring mail
 10820 | D:9      | Identified a +0 club
 10820 | D:9      | Identified a +0 ring mail
 10820 | D:9      | Identified a +0 mace
 10823 | D:9      | Identified a +0 whip
 10823 | D:9      | Identified a +0 ring mail
 10825 | D:9      | Identified a +0 hand axe
 10827 | D:9      | Identified a +0 war axe
 10828 | D:9      | Identified a +0 short sword
 10831 | D:9      | Identified a +0 flail
 10831 | D:9      | Identified a +0 leather armour
 10831 | D:9      | Identified a +0 short sword
 10831 | D:9      | Identified a +0 scale mail
 10835 | D:9      | Identified a +0 club
 10835 | D:9      | Identified a +0 leather armour
 10837 | D:9      | Identified a +0 falchion
 10837 | D:9      | Identified a +0 chain mail
 10839 | D:9      | Identified a +2 dagger of holy wrath
 10868 | D:9      | Identified a +0 club
 10872 | D:9      | Identified a +0 hand axe
 10894 | D:9      | Identified a +3 short sword
 10894 | D:9      | Identified a +0 ring mail
 10896 | D:9      | Identified a +0 mace
 10896 | D:9      | Identified a +0 leather armour
 10906 | D:9      | Identified a +0 hand axe
 10906 | D:9      | Identified a +0 ring mail
 10908 | D:9      | Identified a +0 scimitar
 10908 | D:9      | Identified a +0 plate armour
 10912 | D:9      | Identified a +0 scale mail
 10920 | D:9      | Identified a +0 chain mail
 10922 | D:9      | Identified a +0 war axe
 11593 | D:10     | Entered Level 10 of the Dungeon
 11654 | D:10     | Identified a +4 dagger of chaos
 11654 | D:10     | Identified a cursed -1 robe
 11654 | D:10     | Noticed Psyche
 11662 | D:10     | Killed Psyche
 11742 | D:10     | Identified a +0 shortbow
 11821 | D:10     | Identified a +0 shortbow
 11982 | D:10     | Identified a +0 dagger
 11982 | D:10     | Identified a +0 robe
 11983 | D:10     | Identified a +0 dagger
 11983 | D:10     | Identified a cursed +0 robe
 11986 | D:10     | Identified a +0 flail
 11986 | D:10     | Identified a +0 leather armour
 11988 | D:10     | Identified a +0 dagger
 11988 | D:10     | Identified a +0 robe
 12086 | D:10     | Identified a +0 hand axe
 12086 | D:10     | Identified a +0 chain mail
 12086 | D:10     | Identified a +0 club
 12086 | D:10     | Identified a +0 leather armour
 12086 | D:10     | Identified a +0 dagger
 12086 | D:10     | Identified a +0 robe
 12194 | D:10     | Paralysed by a hornet for 3 turns
 12203 | D:10     | Reached skill level 3 in Shields
 12412 | D:10     | Identified a +3 dagger of venom
 12412 | D:10     | Identified a +0 robe
 12412 | D:10     | Identified a +0 club
 12413 | D:10     | Identified a +0 mace
 12417 | D:10     | Identified a +0 dagger
 12417 | D:10     | Identified a +0 leather armour
 12596 | D:10     | Identified a +0 dire flail
 12596 | D:10     | Identified a +0 chain mail
 12719 | D:10     | Identified a +0 dagger
 12719 | D:10     | Identified a +0 robe
 12811 | D:10     | Identified a +0 shortbow
 12833 | D:10     | Reached skill level 12 in Unarmed Combat
 13010 | D:10     | Identified a +0 club
 13011 | D:10     | Identified a +0 spear
 13011 | D:10     | Identified a +3 ring mail
 13011 | D:10     | Identified a +0 shield
 13018 | D:10     | Identified a +0 halberd
 13533 | D:11     | Noticed a purple ugly thing
 13545 | D:11     | Killed a purple ugly thing
 13547 | D:11     | Identified +0 acid dragon scales
 13652 | D:11     | Reached skill level 6 in Invocations
 13823 | D:11     | Identified a +0 mace of protection
 13823 | D:11     | Identified a +0 plate armour
 13823 | D:11     | Identified a +1 hand axe of chopping
 13823 | D:11     | Identified a +0 chain mail
 13883 | D:11     | Identified a +0 flail
 13889 | D:11     | Identified a +0 giant club
 13889 | D:11     | Identified a +0 robe
 13889 | D:11     | Noticed Erolcha
 13902 | D:11     | Killed Erolcha
 13947 | D:11     | Received a gift from Okawaru
 14047 | D:11     | Identified a +2 robe of the Archmagi (Okawaru gifted it to
                  | you on level 11 of the Dungeon)
 14083 | D:11     | Identified a +0 mace
 14107 | D:11     | Reached skill level 8 in Throwing
 14394 | D:12     | Identified a +0 giant spiked club
 14529 | D:12     | Reached skill level 4 in Shields
 14555 | D:12     | Found a staircase to the Orcish Mines.
 14557 | D:12     | Noticed a red ugly thing
 14567 | D:12     | Noticed a green ugly thing
 14568 | D:12     | Killed a red ugly thing
 14568 | D:12     | Reached XP level 12. HP: 92/117 MP: 15/15
 14662 | D:12     | Identified a +0 rapier
 14785 | D:12     | Identified a +0 long sword
 14785 | D:12     | Identified a +0 chain mail
 14786 | D:12     | Identified a +0 club
 14787 | D:12     | Identified a +1 eveningstar of protection
 14787 | D:12     | Identified a +0 chain mail
 14787 | D:12     | Noticed Urug
 14787 | D:12     | Identified a +0 dagger
 14835 | D:12     | Reached skill level 8 in Fighting
 14982 | D:12     | Identified a +0 dagger
 14982 | D:12     | Identified a +0 robe
 14982 | D:12     | Identified a +0 dagger
 14982 | D:12     | Identified a +0 club
 14982 | D:12     | Identified a +0 club
 14987 | D:12     | Identified a +0 club
 14987 | D:12     | Identified a +1 leather armour of cold resistance
 14987 | D:12     | Identified a +0 whip
 14987 | D:12     | Identified a +0 trident
 14987 | D:12     | Identified a +2 leather armour of magic resistance
 14989 | D:12     | Identified a +0 club
 14989 | D:12     | Identified a +0 chain mail
 14990 | D:12     | Identified a cursed -1 giant spiked club
 14990 | D:12     | Identified a +0 giant spiked club
 14990 | D:12     | Noticed a two-headed ogre
 14994 | D:12     | Identified a +0 dagger
 15013 | D:12     | Killed a two-headed ogre
 15116 | D:12     | Identified a +0 rapier
 15118 | D:12     | Identified a +0 leather armour
 15200 | D:12     | Noticed Kirke
 15236 | D:12     | Identified an amulet of reflection (You found it on level
                  | 12 of the Dungeon)
 15253 | D:12     | Identified a +0 dagger
 15260 | D:12     | Identified a +0 trident
 15260 | D:12     | Identified a +0 chain mail
 15261 | D:12     | Identified a +1 dagger of speed
 15261 | D:12     | Identified a +0 robe
 15352 | D:12     | Reached skill level 13 in Unarmed Combat
 15365 | D:12     | HP: 29/118 [slime creature (12)]
 15367 | D:12     | HP: 10/118 [slime creature (8)]
 15368 | D:12     | Slain by a slime creature

Table legend:
 A = Turns spent in this place as a percentage of turns spent in the entire game.
 B = Non-inter-level travel turns spent in this place as a percentage of non-inter-level travel turns spent in the entire game.
 C = Inter-level travel turns spent in this place as a percentage of turns spent in this place.
 D = Turns resting spent in this place as a percentage of non-inter-level travel turns spent in this place.
 E = Turns spent auto-exploring this place as a percentage of non-inter-level travel turns spent in this place.
 F = Non-inter-level travel turns spent in this place divided by the number of levels of this place that you've seen.
                   A       B       C       D       E      F
               +-------+-------+-------+-------+-------+----------------------
         Total | 100.0 | 100.0 |   6.6 |  17.6 |  57.7 | 1104.3
       Dungeon |  98.9 |  99.2 |   6.3 |  17.7 |  57.3 | 1186.9
        Temple |   1.1 |   0.8 |  31.5 |   0.0 |  97.3 | 113.0
               +-------+-------+-------+-------+-------+----------------------

Table legend:
 A = Kills in this place as a percentage of kills in entire the game.
 B = Kills by you in this place as a percentage of kills by you in the entire game.
 C = Kills by friends in this place as a percentage of kills by friends in the entire game.
 D = Other kills in this place as a percentage of other kills in the entire game.
 E = Experience gained in this place as a percentage of experience gained in the entire game.
 F = Experience gained in this place divided by the number of levels of this place that you have seen.
                   A       B       C       D       E      F
               +-------+-------+-------+-------+-------+----------------------
         Total | 100.0 | 100.0 |   N/A |   N/A | 100.0 | 2114.2
       Dungeon | 100.0 | 100.0 |   N/A |   N/A | 100.0 | 2290.4
               +-------+-------+-------+-------+-------+----------------------

Skill      XL: |  1  2  3  4  5  6  7  8  9 10 11 12 |
---------------+-------------------------------------+-----
Throwing       | 1 2 3 4 5 6 7 8 |  8.4
Unarmed Combat | 4 5 6 7 8 10 11 12 13 | 13.0
Fighting       | 3 4 5 6 7 8 |  8.2
Invocations    | 1 3 5 6 |  6.9
Shields        | 2 4 |  4.5
Dodging        | |  2.4
Stealth        | |  1.0

Action                   |  1- 3 |  4- 6 |  7- 9 | 10-12 || total
-------------------------+-------+-------+-------+-------++-------
Melee: Unarmed           |    95 |   120 |   347 |   683 ||  1245
       Punch             |       |       |    16 |     4 ||    20
Throw: Stone             |    78 |   132 |   326 |   641 ||  1177
       Dart              |       |     6 |     7 |    15 ||    28
       Large rock        |       |       |       |     8 ||     8
Invok: Heroism           |       |       |       |     3 ||     3
       Finesse           |       |       |       |     2 ||     2
  Use: Potion            |       |       |     3 |       ||     3
       Scroll            |       |       |       |    16 ||    16
 Stab: Sleeping          |       |       |       |     1 ||     1
  Eat: Chunk             |    23 |    12 |    39 |    73 ||   147
Armor: Robe              |    32 |    30 |    84 |    81 ||   227
       Acid dragon scale |       |       |       |    52 ||    52
Dodge: Dodged            |    50 |    41 |   125 |   135 ||   351
Block: Shield            |       |       |       |   261 ||   261

Vanquished Creatures
  Harold (D:8)
  Erolcha (D:11)
  A two-headed ogre (D:12)
  2 deep elf magi (D:12)
  3 ugly things
  A cyclops (D:11)
  Maurice (D:8)
  Psyche (D:10)
  A gargoyle (D:11)
  The ghost of KristoblXynda the Ruffian, a novice TrWz of Ashenzari (D:5)
  A kobold demonologist (D:7)
  2 trolls
  A hornet (D:10)
  5 slime creatures (D:12)
  2 hippogriffs
  Sigmund (D:4)
  A shadow (D:11)
  3 wraiths
  A yak (D:9)
  A wyvern (D:10)
  3 basilisks
  A human (D:8)
  A hog (D:12)
  A steam dragon (D:7)
  A hungry ghost (D:12)
  A soldier ant (D:7)
  An acid dragon (D:11)
  2 sky beasts
  4 ice beasts
  2 black bears
  10 orc warriors
  2 necrophages
  11 ogres
  A crocodile (D:9)
  5 phantoms
  6 centaurs
  2 big kobolds
  7 bullfrogs
  A wyvern zombie (D:8)
  A gnoll sergeant (D:10)
  A water moccasin skeleton (D:9)
  7 scorpions
  4 wights (D:6)
  8 killer bees
  5 howler monkeys
  9 crimson imps
  A bullfrog zombie (D:12)
  A centaur zombie (D:7)
  A quasit (D:11)
  8 jellies
  A gnoll shaman (D:5)
  10 hounds
  16 orc priests
  3 bullfrog skeletons
  2 centaur skeletons
  5 iguanas
  Ijyb (D:4)
  27 orc wizards
  13 worker ants
  A killer bee zombie (D:6)
  6 ogre zombies (D:12)
  A worker ant zombie (D:5)
  15 gnolls
  18 adders
  7 shadow imps
  3 oozes
  2 adder zombies
  5 worms
  A leopard gecko (D:11)
  78 orcs
  5 bats
  3 giant cockroaches
  2 gnoll zombies (D:4)
  7 goblins
  7 hobgoblins
  13 jackals
  4 quokkas
  A ball python (D:3)
  A ball python skeleton (D:4)
  4 frilled lizards
  6 goblin zombies (D:12)
  A hobgoblin skeleton (D:12)
  A hobgoblin zombie (D:12)
  A jackal zombie (D:7)
  18 kobolds
  3 orc skeletons (D:12)
  8 orc zombies (D:12)
  11 rats
450 creatures vanquished.

Vanquished Creatures (others)
  A jackal (D:7)
1 creature vanquished.

Grand Total: 451 creatures vanquished
